 Dungeon Crawl Stone Soup version 0.22-a0-224-g8cf3520 (webtiles) character file.

24397 Amnesiac the Fetichist (level 12, -1/61 HPs)
             Began as a Spriggan Artificer on Feb 20, 2018.
             Was an Initiate of Gozag.
             Shot with a bolt by a yaktaur captain (45 damage)
             ... on level 15 of the Dungeon.
             The game lasted 01:06:40 (27643 turns).

Amnesiac the Fetichist (Spriggan Artificer)        Turns: 27643, Time: 01:06:41

Health: -1/61      AC:  5    Str: 12    XL:     12   Next: 80%
Magic:  27/27      EV: 23    Int: 13    God:    Gozag
Gold:   307        SH: 11    Dex: 17    Spells: 5/11 levels left

rFire    . . .     SeeInvis +   b - +9 blowgun
rCold    + . .     Gourm    .   O - +3 warlock's mirror {reflect}
rNeg     . . .     Faith    .   U - +2 robe {MR+}
rPois    .         Spirit   .   (helmet restricted)
rElec    .         Reflect  +   i - +0 cloak
rCorr    .         Harm     .   (gloves unavailable)
MR       +++..                  (boots unavailable)
Stlth    ++........             (no amulet)
HPRegen  0.20/turn              o - ring of protection from cold
MPRegen  0.20/turn              (no ring)

@: gold aura, studying Air Magic, very quick
A: very small, unfitting armour, see invisible, herbivore, speed 3, slow
metabolism 2
a: Potion Petition, Call Merchant, Bribe Branch, Renounce Religion


You were on level 15 of the Dungeon.
You worshipped Gozag.
Gozag was aware of your devotion.
You were full.

You visited 2 branches of the dungeon, and saw 16 of its levels.

You collected 3757 gold pieces.
You spent 2283 gold pieces at shops.
You paid 1167 gold pieces to Gozag.

Inventory:

Hand Weapons
 a - a +3 dagger of venom
 b - a +9 blowgun (weapon)
 E - the +5 short sword "Arustrull" {drain, rElec rF+++ Str-2 Int+2}
   (You found it on level 6 of the Dungeon)

   A truly terrible weapon, it drains the life of those it strikes.
   It affects your strength (-2).
   It affects your intelligence (+2).
   It renders you almost immune to fire.
   It insulates you from electricity.
 L - a +0 double sword
Missiles
 e - 7 curare-tipped needles
 u - 4 needles of sleeping
 C - 3 poisoned needles (quivered)
Armour
 i - a +0 cloak (worn)
 O - the +3 warlock's mirror (worn) {reflect}
   (You bought it in a shop on level 12 of the Dungeon)
 U - a +2 robe of magic resistance (worn)
Jewellery
 n - an uncursed ring of resist corrosion
 o - a ring of protection from cold (left hand)
 y - an uncursed ring of flight
 J - an uncursed ring of magical power
 N - an uncursed ring of teleportation
 S - an uncursed ring of fire
Wands
 q - a wand of digging (18)
Scrolls
 c - 10 scrolls of remove curse {!r}
 g - a scroll of fear {!r}
 h - 7 scrolls of fog {!r}
 j - 15 scrolls of teleportation {!r}
 s - 5 scrolls of amnesia {!r}
 t - 2 scrolls of identify {!r}
 w - 3 scrolls of enchant weapon {!r}
 B - a scroll of enchant armour {!r}
 D - 3 scrolls of immolation {!r}
 G - 2 scrolls of noise {!r}
 I - a scroll of vulnerability {!r}
 R - a scroll of magic mapping {!r}
Potions
 d - 4 potions of cancellation {!q}
 k - 4 potions of brilliance {!q}
 l - 2 potions of ambrosia {!q}
 m - a potion of haste {!q, unknown}
 r - 5 potions of heal wounds {!q}
 v - 2 potions of might {!q}
 x - a potion of resistance {!q}
 z - 5 potions of curing {!q}
 F - 2 potions of lignification {!q}
 K - a potion of magic {!q}
 P - a potion of berserk rage {!q, unknown}
 Q - 2 potions of invisibility {!q, unknown}
Books
 p - a manual of Air Magic
Miscellaneous
 M - a phial of floods
Comestibles
 f - 14 rations


   Skills:
 - Level 6.0 Fighting
 - Level 1.1 Short Blades
 - Level 8.0 Dodging
 - Level 1.5 Stealth
 + Level 8.0 Shields
 * Level 20.3 Evocations


You had 5 spell levels left.
You knew the following spells:

 Your Spells              Type           Power        Failure   Level  Hunger
a - Ozocubu's Armour      Chrm/Ice       #.......     67%         3    ####...
r - Regeneration          Chrm/Necr      #.........   67%         3    ####...


Dungeon Overview and Level Annotations

Branches:
Dungeon (15/15)            Temple (1/1) D:5            Lair (0/6) D:10
    Orc (0/2) D:10         Vaults (0/5) D:13         Depths (0/5) D:15

Altars:
Ashenzari
Cheibriados
Dithmenos
Elyvilon
Fedhas
Gozag
Hepliaklqana
Kikubaaqudgha
Makhleb
Nemelex Xobeh
Okawaru
Qazlal
Ru
Sif Muna
Trog
Uskayaw
Vehumet
Wu Jian
Xom
Yredelemnul
Zin
The Shining One

Shops:
D:4 [   D:5 ?   D:6 [   D:8 %   D:9 (   D:12 ([}*   D:14 (   D:15 [

Annotations:
D:9 exclusion: wraith
D:11 exclusion: 3 slime creatures


Innate Abilities, Weirdness & Mutations

You are very small and have problems with some larger weapons.
You are too small for most types of armour.
You have supernaturally acute eyesight. (SInv)
You are a herbivore.
You cover ground extremely quickly.
You need consume almost no food.


Message History

You shoot a poisoned needle.
The poisoned needle hits the yaktaur captain.
The yaktaur captain looks even sicker.
The yaktaur captain is lightly wounded.
The yaktaur captain wields an arbalest.
The yaktaur captain shoots a bolt.
The bolt barely misses you.
Unknown command.
Firing (i - inventory. (/) - cycle)
C - 9 poisoned needles (quivered)
Press: ? - help, Shift-Dir - straight line, f/p - yaktaur captain
Aim: a yaktaur captain, wielding an arbalest (lightly wounded, slow, poisoned)
You shoot a poisoned needle.
The poisoned needle barely misses the yaktaur captain.
Unknown command.
Firing (i - inventory. (/) - cycle)
C - 8 poisoned needles (quivered)
Press: ? - help, Shift-Dir - straight line, f/p - yaktaur captain
Aim: a yaktaur captain, wielding an arbalest (lightly wounded, slow, poisoned)
You shoot a poisoned needle.
The poisoned needle barely misses the yaktaur captain.
Unknown command.
Firing (i - inventory. (/) - cycle)
C - 7 poisoned needles (quivered)
Press: ? - help, Shift-Dir - straight line, f/p - yaktaur captain
Aim: a yaktaur captain, wielding an arbalest (lightly wounded, slow, poisoned)
You shoot a poisoned needle.
The poisoned needle hits the yaktaur captain!
The yaktaur captain looks as sick as possible!
The yaktaur captain is lightly wounded.
The yaktaur captain shoots a bolt.
The bolt completely misses you.
Unknown command.
The yaktaur captain shoots a bolt.
You reflect the bolt off your +3 warlock's mirror {reflect}!
The bolt hits the yaktaur captain!!
You see here 3 bolts.
The yaktaur captain shoots a bolt.
The bolt closely misses you.
You hear a splash.
The yaktaur captain shoots a bolt.
You reflect the bolt off your +3 warlock's mirror {reflect}!
The bolt hits the yaktaur captain!
The yaktaur captain shoots a bolt.
The bolt hits you!
Firing (i - inventory. (/) - cycle)
C - 6 poisoned needles (quivered)
Press: ? - help, Shift-Dir - straight line, f/p - yaktaur captain
Aim: a yaktaur captain, wielding an arbalest (severely wounded, poisoned)
You shoot a poisoned needle.
The poisoned needle hits the yaktaur captain.
The yaktaur captain is severely wounded.
Unknown command.
Firing (i - inventory. (/) - cycle)
C - 5 poisoned needles (quivered)
Press: ? - help, Shift-Dir - straight line, f/p - yaktaur captain
Aim: a yaktaur captain, wielding an arbalest (severely wounded, poisoned)
You shoot a poisoned needle.
The poisoned needle hits the yaktaur captain.
The yaktaur captain looks even sicker.
The yaktaur captain is severely wounded.
Unknown command.
Firing (i - inventory. (/) - cycle)
C - 4 poisoned needles (quivered)
Press: ? - help, Shift-Dir - straight line, f/p - yaktaur captain
Aim: a yaktaur captain, wielding an arbalest (severely wounded, poisoned)
You shoot a poisoned needle.
The poisoned needle hits the yaktaur captain.
The yaktaur captain looks as sick as possible!
The yaktaur captain is severely wounded.
The yaktaur captain shoots a bolt.
The bolt hits you!!!
Ouch! That really hurt!
You die...
Your body crumbles into a pile of gold.

..# #.# #.>.#(#
..########.#.#(.$#(#
...........#.#####(#
...........#.≈...≈c#
...........#.≈...≈.#
...........#.≈.≈.≈.#
...........#.#.#.#(#
...........#≈..#..≈#
...........#≈≈..@≈≈#
...........####'####
.#'####.........#
.... #.........# .#.
#.........# .#
#.........#
#..........#
#..........#
#..........#


You could see a yaktaur captain.

Vanquished Creatures
  Nessos (D:13)
  3 two-headed ogres
  3 skeletal warriors (D:13)
  An unseen horror (D:11)
  A wizard (D:13)
  An orc knight (D:15)
  A necromancer (D:13)
  An orc sorcerer (D:15)
  2 ugly things
  A deep elf mage (D:14)
  An elephant (D:9)
  Joseph (D:8)
  An ice statue (D:14)
  A human (D:9)
  A komodo dragon (D:14)
  7 trolls
  3 meliai (D:13)
  A slime creature (D:10)
  3 hippogriffs
  A wraith (D:13)
  13 yaks
  A hog (D:9)
  A steam dragon (D:12)
  2 basilisks (D:10)
  2 hungry ghosts
  2 vampire mosquitoes
  A soldier ant (D:14)
  2 water moccasins (D:5)
  6 orc warriors
  3 black bears
  3 sky beasts
  An ice beast (D:9)
  A necrophage (D:5)
  An eye of draining (D:11)
  13 ogres
  12 centaurs
  A big kobold (D:13)
  A wyvern zombie (D:14)
  8 bullfrogs
  7 scorpions
  18 killer bees
  A howler monkey (D:5)
  3 crimson imps
  A quasit (D:13)
  9 orc priests
  9 hounds
  4 jellies
  6 centaur skeletons
  3 iguanas
  13 orc wizards
  2 bullfrog skeletons
  8 worker ants
  5 hound skeletons
  A howler monkey zombie (D:5)
  A howler monkey skeleton (D:8)
  11 adders
  4 shadow imps
  8 oozes (D:2)
  An adder skeleton (D:9)
  2 dart slugs
  2 leopard geckos
  42 orcs
  2 bats (D:2)
  6 giant cockroaches
  6 goblins
  5 hobgoblins
  2 jackals (D:4)
  3 quokkas
  A ball python (D:3)
  5 frilled lizards
  10 kobolds
  A quokka skeleton (D:4)
  7 rats
318 creatures vanquished.

Vanquished Creatures (collateral kills)
  2 ugly things (D:15)
  2 trolls
  3 hogs (D:9)
  A jelly (D:14)
  An adder (D:2)
  A ball python (D:2)
  A bat (D:2)
  A goblin (D:2)
  A quokka (D:2)
  A frilled lizard (D:1)
  4 kobolds
  2 rats
20 creatures vanquished.

Vanquished Creatures (others)
  2 ugly things (D:15)
  A yaktaur (D:15)
  5 vampire mosquitoes
  A killer bee (D:9)
  A crimson imp (D:15)
  A hound (D:13)
  An adder (D:2)
  4 bats (D:1)
  A goblin (D:1)
  A hobgoblin (D:2)
  A kobold (D:2)
  A quokka (D:4)
  A rat (D:1)
  A plant (D:14)
  10 toadstools (D:2)
32 creatures vanquished.

Grand Total: 370 creatures vanquished

Notes
Turn   | Place    | Note
-------+----------+-------------------------------------------
     0 | D:1      | Amnesiac the Spriggan Artificer began the quest for the Orb.
     0 | D:1      | Reached XP level 1. HP: 9/9 MP: 4/4
   109 | D:1      | Reached skill level 1 in Fighting
   540 | D:3      | Found a glowing golden altar of the Shining One.
   540 | D:3      | Found a white marble altar of Elyvilon.
   541 | D:3      | Found a glowing silver altar of Zin.
   671 | D:4      | Noticed a hound
   672 | D:4      | Killed a hound
   672 | D:4      | Reached skill level 5 in Evocations
   672 | D:4      | Reached XP level 2. HP: 14/14 MP: 4/6
   672 | D:4      | Reached XP level 3. HP: 18/18 MP: 5/8
   740 | D:4      | Found Zipimne's Armour Shoppe.
   793 | D:4      | Reached skill level 6 in Evocations
   793 | D:4      | Reached XP level 4. HP: 22/22 MP: 9/9
   793 | D:4      | Reached skill level 7 in Evocations
  1183 | D:4      | Reached XP level 5. HP: 25/25 MP: 11/11
  1342 | D:4      | Reached skill level 1 in Shields
  1491 | D:5      | Entered Level 5 of the Dungeon
  1499 | D:5      | Reached skill level 8 in Evocations
  1506 | D:5      | Reached XP level 6. HP: 30/30 MP: 11/13
  1521 | D:5      | Found a staircase to the Ecumenical Temple.
  1532 | Temple   | Entered the Ecumenical Temple
  1727 | Temple   | Became a worshipper of Gozag Ym Sagoz the Greedy
  1799 | D:5      | Noticed a water moccasin
  1799 | D:5      | Found Inoll's Magic Scroll Emporium.
  1801 | D:5      | Killed a water moccasin
  1805 | D:5      | Reached skill level 9 in Evocations
  1856 | D:5      | Found a hide-covered altar of Uskayaw.
  2396 | D:2      | Found a sacrificial altar of Ru.
  3588 | D:2      | Reached XP level 7. HP: 33/33 MP: 15/15
  4954 | D:2      | Found a sacrificial altar of Ru.
  5744 | D:3      | Found a glowing golden altar of the Shining One.
  5744 | D:3      | Found a glowing silver altar of Zin.
  5745 | D:3      | Found a white marble altar of Elyvilon.
  5876 | D:4      | Found Zipimne's Armour Shoppe.
  6539 | D:5      | Reached skill level 10 in Evocations
  6595 | D:5      | Found a blossoming altar of Fedhas.
  6989 | D:5      | Reached skill level 11 in Evocations
  6989 | D:5      | Reached XP level 8. HP: 10/37 MP: 17/17
  8261 | D:6      | Reached skill level 12 in Evocations
  8534 | D:6      | Got a twisted short sword
  9214 | D:7      | Learned a level 3 spell: Ozocubu's Armour
  9216 | D:7      | Found a sparkling altar of Nemelex Xobeh.
  9598 | D:7      | Found an ornate altar of the Wu Jian Council.
 10005 | D:7      | Reached skill level 13 in Evocations
 10005 | D:7      | Reached XP level 9. HP: 31/41 MP: 19/19
 10065 | D:7      | Found a blossoming altar of Fedhas.
 10735 | D:8      | Found Pululoagh's Food Shop.
 10792 | D:8      | Reached skill level 5 in Dodging
 10890 | D:8      | Noticed Joseph
 11016 | D:8      | Killed Joseph
 11016 | D:8      | Reached skill level 14 in Evocations
 11722 | D:8      | HP: 2/41 [orc priest/divine providence (11)]
 12167 | D:9      | Found a shattered altar of Ashenzari.
 12174 | D:9      | Found an iron altar of Okawaru.
 12708 | D:9      | Found a radiant altar of Vehumet.
 12709 | D:9      | Found a burning altar of Makhleb.
 12716 | D:9      | Reached skill level 15 in Evocations
 13623 | D:9      | Reached XP level 10. HP: 4/45 MP: 22/22
 13889 | D:9      | Found an opulent altar of Gozag.
 14263 | D:9      | Identified the +5 short sword "Arustrull" {drain, rElec rF+++ Str-2 Int+2} (You found it on level 6 of the Dungeon)
 14858 | D:10     | Entered Level 10 of the Dungeon
 14888 | D:10     | Found a staircase to the Lair.
 14888 | D:10     | Noticed an elephant
 15183 | D:9      | Killed an elephant
 16408 | D:9      | Found a radiant altar of Vehumet.
 16409 | D:9      | Found a burning altar of Makhleb.
 16458 | D:9      | Found Ziushoe's Weapon Shoppe.
 16778 | D:9      | Found a shattered altar of Ashenzari.
 16780 | D:9      | Found an iron altar of Okawaru.
 16843 | D:9      | Found an opulent altar of Gozag.
 17678 | D:9      | Reached skill level 5 in Fighting
 17845 | D:9      | Bought a +8 blowgun for 623 gold pieces
 18434 | D:10     | Found a staircase to the Orcish Mines.
 18875 | D:11     | Noticed a white ugly thing
 19317 | D:11     | Killed a white ugly thing
 19317 | D:11     | Reached skill level 16 in Evocations
 19485 | D:11     | Reached XP level 11. HP: 34/56 MP: 24/24
 19766 | D:11     | Reached skill level 5 in Shields
 21438 | D:11     | Noticed an unseen horror
 21456 | D:11     | Killed an unseen horror
 22370 | D:12     | Reached skill level 17 in Evocations
 22465 | D:12     | Found Cauladat's Assorted Antiques.
 22475 | D:12     | Found Fyump's Gadget Shoppe.
 22483 | D:12     | Bought a wand of flame (11) for 78 gold pieces
 22483 | D:12     | Bought a wand of disintegration (6) for 120 gold pieces
 22883 | D:12     | Bought a fuming black potion for 26 gold pieces
 22883 | D:12     | Bought a wand of disintegration (22) for 116 gold pieces
 23028 | D:12     | Found Mose's Antique Weapon Shoppe.
 23098 | D:12     | Found Azutuxt's Antique Armour Shop.
 23420 | D:13     | Identified a paperback manual
 23768 | D:13     | Noticed Nessos
 23783 | D:13     | Killed Nessos
 23783 | D:13     | Reached skill level 18 in Evocations
 23948 | D:13     | Noticed a skeletal warrior
 23950 | D:13     | Noticed a skeletal warrior
 23963 | D:13     | Killed a skeletal warrior
 23975 | D:13     | Noticed a skeletal warrior
 23975 | D:13     | Killed a skeletal warrior
 23976 | D:13     | Noticed a skeletal warrior
 23977 | D:13     | Killed a skeletal warrior
 23977 | D:13     | Reached XP level 12. HP: 60/61 MP: 26/26
 24063 | D:12     | Bought the +3 warlock's mirror {reflect} for 840 gold pieces
 24063 | D:12     | Found the +3 warlock's mirror {reflect}
 24142 | D:13     | Noticed a two-headed ogre
 24142 | D:13     | Noticed a two-headed ogre
 24234 | D:13     | Killed a two-headed ogre
 24548 | D:13     | Killed a two-headed ogre
 25082 | D:14     | Reached skill level 19 in Evocations
 25271 | D:14     | Learned a level 3 spell: Regeneration
 25596 | D:14     | Found Nuqaf's Antique Weapon Boutique.
 26377 | D:15     | Entered Level 15 of the Dungeon
 26674 | D:12     | Bought a phial of floods for 480 gold pieces
 26771 | D:13     | Found a gate to the Vaults.
 27052 | D:15     | Noticed a two-headed ogre
 27087 | D:15     | Found Bunaam's Antique Armour Shop.
 27128 | D:15     | Killed a two-headed ogre
 27128 | D:15     | Reached skill level 20 in Evocations
 27622 | D:15     | Found a staircase to the Depths.
 27622 | D:15     | Noticed a yaktaur captain
 27643 | D:15     | Shot with a bolt by a yaktaur captain

Vault maps used:
D:1:      giann_horns, serial_glass, glass_columns_c, glass_columns_a,
          glass_columns_a, corexii_leaking_fountain
D:2:      cheibrodos_fertilizer, lemuel_crystal_altar
D:3:      good_gods_mini_temple
D:4:      serial_shops, kennysheep_mini_moat, first_ration
D:5:      eat_drink_and_be_merry_uskayaw, minmay_temple_entry_water_ring,
          serial_shops, nicolae_shop_stone, fedhas_bush_and_centaur_altar
D:6:      serial_glass, glass_columns_a, glass_columns_b
D:7:      old_standard_altar, nemelex_xobeh_ov_fountains_minmay,
          lemuel_coloured_pillars_altar
D:8:      serial_shops, nicolae_shop_behind_doors, uniq_joseph
D:9:      grunt_temple_overflow_lords_of_destruction, lemuel_crystal_altar,
          overflow_temple_1_default, grunt_livestock, nicolae_gozag_seed_capital
D:10:     david_lair_generic, david_orc_4
D:12:     serial_shops, shop, nicolae_shop_statue_plus, shop, shop_statue
D:13:     david_vaults_1, uniq_nessos
D:14:     serial_shops, nicolae_shop_overgrown_old_shop, minmay_statue_bubble
D:15:     grunt_enter_depths_snipers, minmay_misc_feat_nine_boxes, serial_shops,
          shop
Temple:   chequers_temple_sunken

Skill      XL: |  1  2  3  4  5  6  7  8  9 10 11 12 |
---------------+-------------------------------------+-----
Fighting       | 1 6 |  6.0
Evocations     | 5 6 7 8 9 11 13 15 16 18 20 | 20.3
Shields        | 1 2 3 4 6 8 |  8.0
Dodging        | 7 8 |  8.0
Short Blades   | |  1.1
Stealth        | |  1.5

Action                   |  1- 3 |  4- 6 |  7- 9 | 10-12 || total
-------------------------+-------+-------+-------+-------++-------
Melee: Short sword       |       |    43 |       |   116 ||   159
       Whip              |       |     4 |   513 |   112 ||   629
       Mace              |       |       |     6 |       ||     6
       Dagger            |       |       |       |   363 ||   363
 Fire: Blowgun           |       |       |       |   346 ||   346
Invok: Call Merchant     |       |       |     1 |     1 ||     2
Evoke: Wand              |    15 |    45 |     7 |    73 ||   140
  Use: Scroll            |       |     5 |     2 |    17 ||    24
       Potion            |       |       |       |     2 ||     2
 Stab: Sleeping          |       |     2 |     6 |     1 ||     9
       Distracted        |       |     1 |     4 |     2 ||     7
  Eat: Ration            |       |     3 |     4 |     7 ||    14
Armor: Robe              |    16 |    44 |    30 |    33 ||   123
Dodge: Dodged            |    90 |   214 |   344 |   554 ||  1202
Block: Buckler           |       |    31 |   159 |   313 ||   503
       Reflection        |       |       |       |     4 ||     4

Table legend:
 A = Spawn XP
 B = Non-spawn XP
 C = Spawn XP percentage of total XP
 D = Spawn monster count
 E = Non-spawn monster count
 F = Spawn count percentage of total count
 G = Total turns spent on level
                    A         B        C        D         E        F      G
               +---------+---------+-------+---------+---------+-------+---------
         Total |       0 |   34854 |   0.0 |       0 |     341 |   0.0 | 27643
               +---------+---------+-------+---------+---------+-------+---------
           D:1 |       0 |      22 |   0.0 |       0 |      16 |   0.0 |  1491
           D:2 |       0 |     154 |   0.0 |       0 |      35 |   0.0 |  2003
           D:3 |       0 |      23 |   0.0 |       0 |      11 |   0.0 |   941
           D:4 |       0 |     273 |   0.0 |       0 |      20 |   0.0 |  1718
           D:5 |       0 |    1513 |   0.0 |       0 |      24 |   0.0 |  1856
           D:6 |       0 |     530 |   0.0 |       0 |      11 |   0.0 |   945
           D:7 |       0 |     497 |   0.0 |       0 |      14 |   0.0 |  1293
           D:8 |       0 |    1603 |   0.0 |       0 |      25 |   0.0 |  1579
           D:9 |       0 |    3889 |   0.0 |       0 |      41 |   0.0 |  5651
          D:10 |       0 |    1699 |   0.0 |       0 |      23 |   0.0 |  1592
          D:11 |       0 |    4176 |   0.0 |       0 |      29 |   0.0 |  3095
          D:12 |       0 |    1527 |   0.0 |       0 |      20 |   0.0 |  1142
          D:13 |       0 |    9663 |   0.0 |       0 |      32 |   0.0 |  1294
          D:14 |       0 |    4632 |   0.0 |       0 |      23 |   0.0 |  2168
          D:15 |       0 |    4621 |   0.0 |       0 |      16 |   0.0 |   651
        Temple |       0 |      32 |   0.0 |       0 |       1 |   0.0 |   224
               +---------+---------+-------+---------+---------+-------+---------
